 Dungeon Crawl Stone Soup version 0.26.0-9-gab577f9fc5 (webtiles) character file.

Game seed: 14067707050532810566

72 Delamore the Skirmisher (level 4, -8/29 HPs)
             Began as a Gargoyle Fighter on Jan 13, 2021.
             Was a Follower of Fedhas.
             Killed by divine providence
             ... invoked by an orc priest
              (13 damage)
             ... on level 3 of the Dungeon.
             The game lasted 00:01:18 (1248 turns).

Delamore the Skirmisher (Gargoyle Fighter)          Turns: 1248, Time: 00:01:18

Health: -8/29      AC: 10    Str: 21    XL:     4   Next: 25%
Magic:  4/4        EV:  7    Int:  8    God:    Fedhas [*.....]
Gold:   59         SH:  9    Dex:  9    Spells: 3/3 levels left

rFire    . . .     SeeInvis .   a - +0 flail
rCold    . . .     Faith    .   c - +0 kite shield
rNeg     + . .     Spirit   .   b - +0 scale mail
rPois    ∞         Reflect  .   (no helmet)
rElec    +         Harm     .   (no cloak)
rCorr    .         Rampage  .   (no gloves)
Will     .....                  (no boots)
Stlth    ..........             (no amulet)
HPRegen  0.09/turn              (no ring)
MPRegen  0.09/turn              (no ring)

@: no status effects
A: negative energy resistance 1, electricity resistance, unbreathing,
petrification resistance, miasma immunity, AC +3
a: Renounce Religion


You were on level 3 of the Dungeon.
You worshipped Fedhas.
Fedhas was aware of your devotion.
You visited 1 branch of the dungeon, and saw 3 of its levels.

You collected 59 gold pieces.

Inventory:

Hand Weapons
 a - a +0 flail (weapon)
Missiles
 i - 7 javelins (quivered)
Armour
 b - a +0 scale mail (worn)
 c - a +0 kite shield (worn)
Jewellery
 j - an uncursed ring of ice {unknown}
Scrolls
 e - a scroll of blinking {unknown}
 g - a scroll of fear {unknown}
 h - 2 scrolls of magic mapping
 k - a scroll of identify {unknown}
 l - a scroll of remove curse {unknown}
 m - a scroll of teleportation {unknown}
Potions
 d - a potion of might
 f - a potion of brilliance {unknown}
 n - a potion of heal wounds {unknown}


   Skills:
 + Level 4.1 Fighting
 + Level 3.0 Maces & Flails
 - Level 3.2 Armour
 + Level 4.1 Shields


You had 3 spell levels left.
You didn't know any spells.
Your spell library was empty.

Dungeon Overview and Level Annotations

Branches:
Dungeon (3/15)

Altars:
Cheibriados
Fedhas
Sif Muna


Innate Abilities, Weirdness & Mutations

You are resistant to torment.
Your stone body is resilient. (AC +3)
You are immune to poison.
You resist negative energy. (rN+)
You are resistant to electric shocks. (rElec)
You can survive without breathing.
You are immune to petrification.
You are immune to miasma.


Message History

The orc priest mumbles some strange prayers to Beogh against you.
Beogh smites you!
You barely miss the bullfrog skeleton.
The bullfrog skeleton hits you but does no damage.
The orc priest calls down the wrath of Beogh upon you.
Beogh smites you!
* * * LOW HITPOINT WARNING * * *
The orc priest begins to cast a cantrip, but forgets the words!
You are too injured to fight recklessly!
You are too injured to fight recklessly!
You are too injured to fight recklessly!
You are too injured to fight recklessly!
You are too injured to fight recklessly!
You are too injured to fight recklessly!
You are too injured to fight recklessly!
You are too injured to fight recklessly!
The orc priest mumbles some strange prayers to Beogh against you.
Beogh smites you!
You die...
Fedhas appreciates your contribution to the ecosystem.

#################### **********
#<...........o@....# *,,,,,,,,,
**#.##.#####o#######.#**,****,,,,
*......#***#(#* *,,,,,,,,*,***
#....$..,,,Zoo* ****,,,>,,,,,,**,
#..$#####*##.<#**,**,,,*,**,*,**,
#..^#*,,,,,....,,,,,,,,*,**,*,,,*
#...#*,****#..##*,<***,*,**,*,**,
#...#*,****#...,,,,,,>,,,**,*,**,
*,,,**,,,,,....**,,***,,,**,*,**,


You could see an orc priest and an orc.

Vanquished Creatures
  An adder (D:2)
  2 oozes
  A worm (D:2)
  6 dart slugs
  3 leopard geckos
  3 bats
  3 goblins
  A hobgoblin (D:3)
  4 jackals (D:2)
  5 frilled lizards
  4 kobolds
  6 rats
39 creatures vanquished.

Notes
Turn   | Place    | Note
-------+----------+-------------------------------------------
     0 | D:1      | Delamore the Gargoyle Fighter began the quest for the Orb.
     0 | D:1      | Reached XP level 1. HP: 14/14 MP: 1/1
    21 | D:1      | Reached XP level 2. HP: 19/19 MP: 2/2
   290 | D:1      | Reached XP level 3. HP: 24/24 MP: 3/3
   569 | D:2      | Found a snail-covered altar of Cheibriados.
   645 | D:2      | Found a faded altar of an unknown god.
   677 | D:2      | Found a shimmering blue altar of Sif Muna.
   743 | D:2      | Became a worshipper of Fedhas Madash
   743 | D:2      | Reached * piety under Fedhas
   769 | D:2      | Reached XP level 4. HP: 27/29 MP: 4/4
  1248 | D:3      | Killed from afar by an orc priest

Illustrated notes

Levels and vault maps discovered:
D:1:      dpeg_arrival_refuge, layout_rooms
D:2:      layout_loops_ring, led_sif_pool, kennysheep_slug_shrine,
          chequers_ecumenical_altar_lobes, minmay_pentomino_t2
D:3:      layout_loops_ring, portal_sewer_entry_b, grunt_gozag_breadcrumbs

Skill      XL: |  1  2  3  4 |
---------------+-------------+-----
Fighting       | 4 |  4.1
Shields        | 4 |  4.1
Maces & Flails | 3 |  3.0
Armour         | |  3.2

Action                   |  1- 3 |  4- 6 || total
-------------------------+-------+-------++-------
Melee: Flail             |    82 |    35 ||   117
  Use: Scroll            |       |     1 ||     1
Armor: Scale mail        |    40 |    17 ||    57
Dodge: Dodged            |    29 |    12 ||    41
Block: Kite shield       |    48 |    17 ||    65
